Map: [ESL] Solaris

Players

Ukko

  • Race: Zerg Zerg
  • Spawn Location: 1:00

Cham - Winner!

  • Race: Zerg Zerg
  • Spawn Location: 7:00

Event: ESL SC2 Masters 2023 Winter (Regional)

VOD

Have the link to the VOD?

Description

Time

  • Played on: Nov. 4, 2023, 2:06 p.m.
  • Length: 17:13

All games in this series

Show
View Real Time Build Order
Export as new Build Order

Ukko Zerg 

Build Orders: Pool First 

Get SALT Encoding   

  12  0:17  Spawning Pool  
  11  0:22  Drone  
  11  0:25  Drone  
  13  0:31  Drone  
  14  0:40  Overlord  
  14  1:03  Zergling x4  
  16  1:05  Zergling x2  
  17  1:15  Zergling x2  
  17  1:18  Hatchery  
  17  1:26  Zergling x2  
  18  1:34  Queen  
  18  1:37  Zergling x2  
  21  1:47  Overlord  
  21  2:03  Drone  
  22  2:10  Queen  
  22  2:11  Drone  
  25  2:20  Drone  
  22  2:31  Queen  
  22  2:32  Drone x2  
  25  2:42  Drone x2  
  27  2:45  Queen  
  29  2:54  Overlord  
  28  3:00  Drone x2  
  28  3:04  Drone x2  
  32  3:12  Drone  
  33  3:16  Drone x3  
  36  3:21  Drone  
  36  3:22  Drone  
  36  3:26  Overlord  
  37  3:32  Drone  
  38  3:34  Extractor, Overlord  
  38  3:35  Extractor  
  38  3:40  Drone  
  37  3:49  Evolution Chamber  
  37  3:50  Drone, Roach Warren  
  37  3:51  Drone  
  36  3:55  Evolution Chamber  
  35  4:05  Evolution Chamber x2  
  35  4:08  Evolution Chamber  
  32  4:12  Evolution Chamber  
  32  4:13  Drone x3  
  32  4:15  Drone  
  35  4:21  Evolution Chamber  
  35  4:23  Evolution Chamber  
  33  4:35  Drone x5  
  33  4:36  Drone  
  40  4:38  Drone  
  40  4:48  Roach Warren  
  39  4:54  Drone x3  
  39  4:55  Drone  
  39  4:58  Drone  
  44  5:14  Drone x4, Lair  
  48  5:16  Extractor x2  
  46  5:22  Drone x2  
  48  5:31  Drone  
  49  5:36  Zerg Missile Weapons Level 1  
  49  5:38  Drone x3  
  49  5:41  Drone x3  
  55  5:44  Overlord  
  55  5:49  Overlord  
  55  5:56  Overlord  
  55  6:00  Overlord  
  55  6:01  Overlord  
  55  6:03  Roach x2  
  59  6:11  Glial Reconstitution  
  59  6:12  Roach x4  
  59  6:18  Overseer, Roach  
  69  6:23  Roach x2  
  73  6:33  Roach x2  
  73  6:36  Roach x3  
  73  6:39  Roach x3  
  89  6:47  Roach x2  
  93  6:56  Overlord  
  93  6:57  Ravager  
  93  6:58  Ravager x2  
  93  6:59  Overlord  
  96  7:05  Overlord x4  
  96  7:19  Roach x4  
  102  7:28  Roach  
  102  7:34  Roach x6  
  92  7:44  Roach x3  
  92  7:50  Roach, Queen  
  92  7:51  Queen  
  96  7:54  Roach  
  96  7:56  Ravager  
  101  8:00  Ravager  
  101  8:02  Roach x3  
  101  8:05  Roach  
  112  8:11  Roach x3  
  116  8:18  Roach  
  118  8:27  Roach x2  
  124  8:34  Roach x3  
  116  8:41  Ravager  
  116  8:46  Roach  
  105  8:54  Roach x3  
  100  9:02  Roach x4  
  104  9:03  Ravager  
  104  9:09  Roach  
  107  9:11  Queen  
  107  9:14  Zerg Missile Weapons Level 2  
  109  9:23  Hatchery, Ravager  
  109  9:26  Roach x3  
  112  9:38  Roach x5  
  112  9:42  Roach  
  107  9:54  Roach x5  
  106  10:03  Roach x4  
  110  10:10  Drone  
  110  10:12  Overseer  
  111  10:22  Drone  
  111  10:25  Zerg Ground Armor Level 1  
  111  10:27  Roach x2  
  116  10:32  Roach x2  
  120  10:37  Roach x2  
  120  10:40  Roach  
  120  10:41  Roach  
  127  10:51  Drone  
  127  10:52  Drone  
  127  10:53  Roach x2  
  132  10:57  Drone, Hydralisk Den  
  132  11:01  Roach  
  138  11:04  Roach x2  
  138  11:12  Overlord x2  
  138  11:18  Overlord x2  
  138  11:31  Roach x4  
  138  11:32  Overlord  
  146  11:36  Roach x2  
  150  11:40  Overseer  
  150  11:43  Roach x3  
  150  11:46  Pneumatized Carapace  
  156  11:51  Roach x2  
  160  12:01  Roach x4  
  165  12:13  Roach x3  
  170  12:23  Overlord  
  170  12:24  Overlord x2  
  170  12:34  Roach x2  
  170  12:36  Grooved Spines  
  168  12:39  Drone  
  168  12:40  Extractor, Drone x2  
  170  12:45  Roach x4  
  178  13:00  Roach x5  
  192  13:05  Roach x2  
  186  13:13  Roach x3  
  188  13:22  Hydralisk  
  188  13:25  Ravager x3  
  193  13:32  Muscular Augments  
  193  13:36  Extractor  
  193  13:40  Overseer  
  192  13:42  Overseer  
  192  13:51  Roach x2  
  188  13:56  Roach x3  
  188  14:00  Hydralisk  
  188  14:02  Drone x2  
  193  14:03  Overlord x2  
  191  14:14  Queen x2  
  193  14:21  Queen  
  193  14:23  Overseer  
  195  14:25  Hydralisk x2  
  195  14:27  Spine Crawler  
  195  14:29  Spine Crawler  
  197  14:36  Hydralisk x2  
  191  14:42  Hydralisk  
  183  14:54  Hydralisk x4  
  187  15:04  Ravager x2  
  187  15:05  Ravager x3  
  191  15:12  Roach x2  
  175  15:19  Roach x2  
  168  15:27  Roach x2  
  114  15:43  Roach x3  
  110  15:50  Hydralisk  
  112  16:07  Roach x2  
  112  16:08  Ravager  
  114  16:11  Roach  
  114  16:17  Ravager  
  115  16:21  Roach  
  117  16:31  Roach x2  
  100  16:39  Roach  
  51  16:52  Roach x2  
Show
View Real Time Build Order
Export as new Build Order

Cham Zerg - Winner!

Build Orders: Hatch First 

Get SALT Encoding   

  12  0:00  Drone  
  13  0:12  Overlord  
  13  0:17  Drone  
  14  0:31  Drone x2  
  16  0:50  Drone, Hatchery  
  16  0:54  Drone  
  17  0:57  Drone  
  18  1:10  Spawning Pool  
  17  1:12  Extractor  
  17  1:15  Drone  
  17  1:19  Drone  
  18  1:29  Drone  
  19  1:57  Zergling x4  
  21  2:01  Queen  
  21  2:02  Queen  
  21  2:03  Zergling x2  
  21  2:07  Zergling x2  
  20  2:31  Metabolic Boost  
  20  2:36  Drone  
  20  2:42  Overlord  
  20  2:46  Drone  
  21  2:53  Zergling x4  
  21  2:57  Zergling x2  
  24  3:02  Zergling x2  
  24  3:05  Zergling x2  
  26  3:09  Zergling x2  
  26  3:11  Zergling x2  
  28  3:15  Zergling x2  
  29  3:21  Overlord  
  29  3:30  Overlord  
  29  3:40  Zergling x6  
  32  3:42  Zergling x2  
  32  3:46  Zergling x2  
  34  3:49  Zergling x2  
  34  3:53  Zergling x2  
  36  3:57  Zergling x2  
  35  4:04  Zergling x4  
  35  4:05  Drone  
  35  4:08  Drone  
  38  4:11  Drone  
  38  4:15  Drone  
  36  4:20  Drone x2  
  36  4:26  Drone x2  
  36  4:30  Drone  
  37  4:33  Drone  
  37  4:37  Drone x2  
  40  4:39  Drone  
  40  4:42  Drone  
  42  4:47  Evolution Chamber  
  40  4:56  Drone x3  
  43  5:06  Hatchery  
  42  5:10  Drone, Extractor  
  42  5:13  Zerg Melee Weapons Level 1  
  42  5:15  Drone  
  42  5:20  Overlord  
  43  5:23  Overlord  
  43  5:27  Overlord  
  43  5:38  Drone  
  43  5:39  Drone x2, Roach Warren  
  43  5:40  Drone  
  46  5:43  Drone  
  46  5:46  Drone  
  48  5:51  Overlord  
  48  5:57  Queen  
  48  6:00  Overlord  
  50  6:19  Roach x8  
  50  6:22  Roach  
  50  6:25  Roach  
  70  6:27  Roach  
  70  6:30  Roach  
  70  6:32  Roach  
  76  6:38  Overlord  
  76  6:45  Zergling x2  
  76  6:46  Zergling x10  
  82  6:52  Zergling x4  
  84  6:58  Zergling x2, Ravager x3  
  84  7:00  Zergling x6  
  91  7:03  Zergling x2  
  91  7:06  Overlord  
  91  7:07  Zergling x6  
  95  7:11  Ravager  
  96  7:19  Zergling x4  
  94  7:36  Zergling x20, Roach  
  95  7:40  Zergling x2  
  95  7:41  Zergling x4  
  91  7:48  Zergling x2, Ravager x2  
  94  7:53  Zergling x4  
  94  7:57  Zergling x2  
  94  7:58  Zergling x4  
  98  8:02  Zergling x4  
  100  8:07  Zergling x2  
  100  8:08  Ravager  
  100  8:12  Zergling x4  
  103  8:16  Zergling x2  
  101  8:22  Zergling x2  
  101  8:23  Zergling x2  
  101  8:25  Zergling x2  
  103  8:30  Zergling x2  
  103  8:31  Zergling x2, Overlord x2  
  97  8:44  Zergling x8  
  78  8:51  Roach x5  
  76  8:57  Roach x2  
  76  8:59  Roach  
  79  9:03  Lair  
  79  9:07  Extractor, Roach x2  
  82  9:11  Roach  
  84  9:18  Roach x2  
  84  9:20  Zergling x2  
  84  9:23  Roach  
  89  9:27  Zergling x16  
  97  9:37  Roach x2  
  97  9:38  Roach  
  103  9:44  Roach x2  
  107  9:49  Roach  
  99  10:00  Roach  
  99  10:01  Zergling x10, Roach x4  
  111  10:09  Roach  
  111  10:12  Overlord x2  
  113  10:17  Zerg Missile Weapons Level 1  
  113  10:19  Overlord  
  113  10:24  Overlord  
  113  10:28  Glial Reconstitution  
  113  10:32  Drone x5  
  113  10:34  Drone  
  119  10:38  Drone x2  
  119  10:41  Drone  
  119  10:42  Drone  
  123  10:44  Drone  
  124  10:51  Drone x4  
  124  10:54  Roach  
  128  10:59  Roach  
  128  11:01  Overlord  
  128  11:02  Roach  
  132  11:06  Roach  
  132  11:10  Roach  
  132  11:11  Roach  
  138  11:13  Extractor, Overlord  
  138  11:18  Zergling x2, Overlord  
  138  11:21  Overlord  
  138  11:23  Roach  
  140  11:26  Roach x2  
  140  11:29  Roach  
  140  11:31  Overlord  
  146  11:36  Roach x2  
  146  11:37  Roach  
  152  11:43  Roach x3  
  152  11:46  Roach  
  160  11:48  Roach  
  160  11:50  Ravager x2  
  160  11:52  Roach x2  
  168  11:56  Overlord  
  168  12:00  Roach  
  170  12:01  Overlord  
  170  12:04  Overlord  
  170  12:08  Overlord  
  170  12:13  Zerg Missile Weapons Level 2  
  170  12:15  Tunneling Claws  
  168  12:21  Extractor, Overlord  
  167  12:34  Roach x8  
  182  12:42  Roach x3  
  188  12:44  Roach  
  188  12:51  Roach x3  
  196  12:57  Roach  
  198  12:59  Zergling x2  
  194  13:17  Roach  
  194  13:18  Roach x8  
  194  13:19  Ravager  
  191  13:20  Ravager  
  191  13:21  Roach x2  
  196  13:31  Overseer  
  196  13:36  Roach  
  196  13:39  Burrow  
  170  14:04  Roach x15  
  183  14:17  Roach x5  
  183  14:18  Roach x3  
  199  14:28  Overseer  
  197  14:43  Hatchery  
  194  15:12  Roach x2  
  163  15:26  Roach x15  
  166  15:35  Roach x5  
  157  15:36  Roach  
  157  15:41  Roach  
  157  15:42  Roach x2  
  133  15:43  Roach  
  133  15:45  Roach x8  
  114  15:53  Roach x3  
  121  15:59  Roach x3  
  119  16:12  Roach x3  
  125  16:22  Ravager x2  
  105  16:33  Roach  
  105  16:35  Roach  
  105  16:37  Roach x3  
  105  16:38  Roach x4  
  94  16:41  Roach  
  86  16:48  Roach x2  
  86  16:50  Roach x2  
  86  16:51  Roach  
Tags
 
Add a new tag
Caveats
  • Supply blocks, unpowered buildings, or Contaminate may cause inaccurate times.
  • Supply counts are checked every 10 seconds.